 Dungeon Crawl Stone Soup version 0.29.1-15-g9cfb28693d (webtiles) character file.

Game seed: 6135160185038439374

592 Ashtray the Purveyor of Pain (level 7, 0/36 HPs)
             Began as a Deep Elf Necromancer on Mar 23, 2023.
             Was an Initiate of Kikubaaqudgha.
             Killed by nerve-wracking pain
             ... invoked by a shadow imp
              (11 damage)
             ... on level 4 of the Dungeon on Mar 24, 2023.
             The game lasted 00:18:35 (4708 turns).

Ashtray the Purveyor of Pain (Deep Elf Necromancer) Turns: 4708, Time: 00:18:35

Health: 0/36       AC:  5    Str:  5    XL:     7   Next: 16%
Magic:  10/19      EV: 13    Int: 22    God:    Kikubaaqudgha [......]
Gold:   148        SH:  0    Dex: 15    Spells: 15/19 levels left

rFire   . . .      SeeInvis .   k - +0 dagger
rCold   . . .      Faith    .   (no shield)
rNeg    . . .      Spirit   .   a - +1 robe
rPois   .          Reflect  .   l - +0 helmet
rElec   +          Harm     .   (no cloak)
rCorr   .          Rampage  .   m - +0 pair of gloves
Will    .....      Clarity  +   (no boots)
Stlth   +++.......              (no amulet)
HPRegen 0.12/turn               (no ring)
MPRegen 0.16/turn               (no ring)

@: unable to drink
A: clarity, electricity resistance, inability to drink after injury 1
a: Renounce Religion


You were on level 4 of the Dungeon.
You worshipped Kikubaaqudgha.
Kikubaaqudgha was noncommittal.
You visited 2 branches of the dungeon, and saw 6 of its levels.

You collected 148 gold pieces.

Inventory:

Hand Weapons
 k - a +0 dagger (weapon)
Missiles
 e - 11 poisoned darts
Armour
 a - a +1 robe (worn)
 l - a +0 helmet (worn)
 m - a +0 pair of gloves (worn)
Jewellery
 f - a ring of protection from fire
Scrolls
 i - a scroll of brand weapon
 j - a scroll of noise
 o - a scroll of blinking
Potions
 b - 2 potions of mutation
 c - 2 potions of curing
 d - 2 potions of brilliance {unknown}
 g - 2 potions of lignification
 h - a potion of flight {unknown}
 n - 3 potions of attraction {unknown}


   Skills:
 - Level 4.1 Dodging
 - Level 4.3 Stealth
 + Level 6.8 Spellcasting
 + Level 7.4 Necromancy


You had 15 spell levels left.
You knew the following spells:

 Your Spells              Type           Power      Damage    Failure   Level
a - Necrotise             Necr           100%       1d9       1%          1
b - Vampiric Draining     Necr           40%        2d8       1%          3

Your spell library contained the following spells:

 Spells                   Type           Power      Damage    Failure   Level
 Animate Dead             Necr           40%        N/A       4%          4
 Freeze                   Ice            28%        1d5       9%          1
 Agony                    Necr           40%        N/A       11%         5
 Frozen Ramparts          Ice            14%        1d3       26%         3
 Hailstorm                Conj/Ice       7%         3d4       63%         4


Dungeon Overview and Level Annotations

Branches:
Dungeon (5/15)             Temple (1/1) D:4

Altars:
Ashenzari
Cheibriados
Fedhas
Gozag
Kikubaaqudgha
Makhleb
Okawaru
Qazlal
Ru
Uskayaw
Vehumet
Wu Jian
Yredelemnul
Zin
The Shining One

Shops:
D:5 :

Annotations:
D:2 Sigmund
D:4 Pikel
D:5 2 transporters


Innate Abilities, Weirdness & Mutations

You possess an exceptional clarity of mind.
You are resistant to electric shocks. (rElec)
You occasionally lose the ability to drink potions when taking damage.


Message History

Your iguana skeleton bites the hound.
The hound dies!
Kikubaaqudgha accepts your kill.
Unknown command.
You see here a hound corpse.
There is a stone staircase leading up here.
The orc writhes in agony.
The orc priest miscasts a cantrip.
Your iguana skeleton bites the orc.
The orc hits your iguana skeleton with a +0 whip.
The orc writhes in agony!
You kill the orc!
Kikubaaqudgha accepts your kill.
The dead are walking!
The orc hits your orc skeleton with a +0 falchion!
Your orc skeleton is destroyed!
The orc priest looks braver for a moment.
Your iguana skeleton closely misses the orc.
The orc priest mumbles some strange prayers to Beogh against you.
Beogh smites you!
* * * LOW HITPOINT WARNING * * *
An orc comes into view. It is wielding a +0 mace.
The orc hits your iguana skeleton with a +0 falchion.
An orc comes into view. It is wielding a +0 club.
Your iguana skeleton bites the orc.
There is a stone staircase leading up here.
The orc priest calls upon Beogh to heal the orc.
The orc's wounds heal themselves!
The orc hits your iguana skeleton with a +0 falchion.
You climb upwards.
Level annotation: Pikel The shadow imp gestures at you.
You struggle to resist.
There is a stone staircase leading down here.
You see here a +0 club.
The shadow imp gestures at you. Pain shoots through your body!
You feel threatened and lose the ability to drink potions!
You die...
Kikubaaqudgha rasps: "You have failed me!
Welcome... death!"

######## #......#
#####....#.#
#........#.#
#.####...#.#
#.####...#.#
#......[.#.#
########.#@# #.#.#
#.#.# #.#5#
##############.#)#
................>#
...............#.#
#.###...########.#
#...#......# #.#


You could see a shadow imp.

Vanquished Creatures
  A black bear (D:5)
  A centaur (D:4)
  2 scorpions
  3 hounds
  2 iguanas
  A gnoll (D:4)
  4 adders
  4 worms
  A dart slug (D:3)
  2 orcs
  5 bats
  6 endoplasms
  2 giant cockroaches
  4 goblins
  A hobgoblin (D:1)
  14 jackals
  4 kobolds
  9 ball pythons
  6 frilled lizards
  3 rats (D:1)
75 creatures vanquished.

Vanquished Creatures (collateral kills)
  A hound (D:5)
  An adder (D:2)
  A ball python (D:1)
  A butterfly (D:4)
4 creatures vanquished.

Vanquished Creatures (others)
  6 plants (D:5)
6 creatures vanquished.

Grand Total: 85 creatures vanquished

Notes
Turn   | Place    | Note
-------+----------+-------------------------------------------
     0 | D:1      | Ashtray the Deep Elf Necromancer began the quest for the
                  | Orb.
     0 | D:1      | Reached XP level 1. HP: 10/10 MP: 6/6
   218 | D:1      | Reached skill level 5 in Necromancy
   218 | D:1      | Reached XP level 2. HP: 11/15 MP: 2/8
   292 | D:1      | Found a faded altar of an unknown god.
   650 | D:1      | Reached XP level 3. HP: 19/19 MP: 7/10
   654 | D:1      | Learned a level 3 spell: Vampiric Draining
  1049 | D:2      | Noticed Sigmund
  1833 | D:2      | Reached XP level 4. HP: 24/24 MP: 7/11
  1917 | D:3      | Found an ornate altar of the Wu Jian Council.
  2235 | D:3      | Found a burning altar of Makhleb.
  2673 | D:4      | Noticed Pikel
  2673 | D:4      | Noticed a lemure
  2678 | D:4      | Noticed a lemure
  2711 | D:4      | Noticed a scorpion
  2717 | D:4      | Killed a scorpion
  2718 | D:4      | Reached XP level 5. HP: 28/28 MP: 6/13
  2935 | D:4      | Found a staircase to the Ecumenical Temple.
  2998 | D:4      | Noticed a lemure
  3042 | Temple   | Entered the Ecumenical Temple
  3252 | Temple   | Became a worshipper of Kikubaaqudgha
  3387 | D:4      | Noticed a lemure
  3597 | D:5      | Entered Level 5 of the Dungeon
  3600 | D:5      | Found Leczukiq's Book Shop.
  3617 | D:5      | Noticed a centaur
  3635 | D:4      | Gained mutation: You possess an exceptional clarity of
                  | mind. [potion of mutation]
  3635 | D:4      | Gained mutation: You occasionally lose the ability to drink
                  | potions when taking damage. [potion of mutation]
  3635 | D:4      | Gained mutation: You are resistant to electric shocks.
                  | (rElec) [potion of mutation]
  3644 | D:4      | Reached skill level 5 in Spellcasting
  3644 | D:4      | Reached skill level 6 in Necromancy
  3645 | D:4      | Killed a centaur
  3646 | D:4      | Reached XP level 6. HP: 32/32 MP: 3/16
  4120 | D:5      | Found a transporter.
  4564 | D:5      | Found a transporter.
  4566 | D:5      | Identified the ring of the Chupacabra {Fly Str+3}
  4597 | D:5      | Noticed an ice beast
  4628 | D:5      | Reached skill level 7 in Necromancy
  4656 | D:5      | Reached XP level 7. HP: 36/36 MP: 11/18
  4708 | D:4      | Killed from afar by a shadow imp

Illustrated notes

Levels and vault maps discovered:
D:1:      amcnicky_arrival_gap_in_the_tavern_cellar, layout_loops_cross,
          nicolae_ecumenical_snake_handling
D:2:      layout_basic, grunt_ministairs_2, minmay_fountain_box, uniq_jessica,
          uniq_sigmund
D:3:      layout_loops_cross, mainiacjoe_overflow_24_doors,
          lightli_temple_of_fire, st_stairs_6
D:4:      layout_basic, minmay_temple_entry_butterflies,
          nicolae_underground_beach, uniq_pikel
D:5:      layout_rooms, nicolae_overflow_crystal_walls, serial_shops,
          nicolae_shop_trees, gammafunk_ghost_gnarly_gnolls,
          chequers_serial_rivers_small_3
Temple:   nicolae_temple_bog_church

Skill      XL: |  1  2  3  4  5  6 |
---------------+-------------------+-----
Necromancy     | 5 6 7 |  7.4
Stealth        | 3 4 |  4.3
Dodging        | 3 4 |  4.1
Spellcasting   | 4 5 6 |  6.8

Action                   |  1- 3 |  4- 6 |  7- 9 || total
-------------------------+-------+-------+-------++-------
Melee: Dagger            |       |     2 |       ||     2
 Cast: Necrotise         |    79 |    93 |     9 ||   181
       Vampiric Draining |       |     3 |       ||     3
  Use: Potion            |     1 |     4 |       ||     5
       Scroll            |       |     6 |       ||     6
Armor: Robe              |     1 |    16 |       ||    17
       Skin              |       |    30 |       ||    30
Dodge: Dodged            |     9 |    53 |     1 ||    63
